[Event "Team 45 45 League T93"]
[Site "Internet Chess Club"]
[Date "2022.07.29"]
[Round "3"]
[White "jfkingiii"]
[Black "Portola"]
[Result "1/2-1/2"]
[WhiteElo "1478"]
[BlackElo "1705"]
[Opening "French: Rubinstein variation"]
[ECO "C10"]
[Time "19:00:36"]
[PlyCount "101"]
[TimeControl "2700+45"]

1. e4 e6 2. d4 d5 3. Nc3 dxe4 4. Nxe4 Be7 5. Nf3 Nd7 6. Bd3 Ngf6 7. Qe2 O-O 8.
O-O c5 9. c3 cxd4 10. Nxd4 Nc5 11. Nxf6+ Bxf6 12. Bxh7+ Kxh7 13. Qh5+ Kg8 14.
Qxc5 b6 15. Qc6 Ba6 16. Re1 Bxd4 17. cxd4 Qxd4 18. Qc2 Qc4 19. Qxc4 Bxc4 20. Bf4
Rac8 21. b3 Bd5 22. Rac1 a6 23. f3 b5 24. Rxc8 Rxc8 25. Rc1 Rxc1+ 26. Bxc1 e5
27. Kf2 f6 28. Bd2 Kf7 29. Ke3 g6 30. Kd3 Ke6 31. h4 Kd6 32. Bb4+ Ke6 33. Ke3 f5
34. g4 e4 35. gxf5+ Kxf5 36. fxe4+ Bxe4 37. Be7 Ke5 38. b4 Bb1 39. a3 Kd5 40.
Ke2 Kc4 41. Bg5 Kb3 42. Bc1 Kc2 43. Bg5 Kb2 44. Be7 Kxa3 45. Kf3 Ka4 46. Kf4 a5
47. bxa5 Kxa5 48. Kg5 Ka4 49. h5 gxh5 50. Kxh5 b4 51. Bxb4 {Game drawn because
neither player has mating material} 1/2-1/2

[Event "Team 45 45 League T93"]
[Site "Internet Chess Club"]
[Date "2022.07.31"]
[Round "3"]
[White "kasraei"]
[Black "bobhill"]
[Result "0-1"]
[WhiteElo "1712"]
[BlackElo "1899"]
[Opening "Queen's pawn, Mason variation"]
[ECO "D00"]
[Time "14:08:06"]
[PlyCount "113"]
[TimeControl "2700+45"]

1. d4 d5 2. Bf4 Nf6 3. e3 g6 4. Nd2 Bg7 5. Ngf3 O-O 6. Be2 b6 7. Ne5 Nfd7 8. h4
Nxe5 9. dxe5 Nd7 10. h5 Nxe5 11. c3 Bf5 12. Nf3 Nc4 13. Qb3 e5 14. Bg5 f6 15. h6
Bh8 16. Bh4 Na5 17. Qa3 Qd6 18. b4 Rad8 19. Rd1 Nc6 20. Qb3 Be6 21. O-O g5 22.
Bg3 Qe7 23. Bb5 Nb8 24. c4 c6 25. cxd5 cxd5 26. e4 d4 27. Bc4 Bxc4 28. Qxc4+ Qf7
29. Rc1 Rd6 30. Qxf7+ Kxf7 31. Rc7+ Rd7 32. Rfc1 Rd8 33. Rc8 Na6 34. a3 Kg6 35.
R1c6 Kh5 36. Nd2 Rd6 37. Rxd6 Rxc8 38. Rd7 Kxh6 39. Rxa7 Nc7 40. Rb7 Na8 41. Kf1
Kg6 42. Ke2 h5 43. f3 Bg7 44. Kd3 Rc3+ 45. Ke2 Re3+ 46. Kd1 Rxa3 47. Nc4 Ra1+
48. Kc2 Ra2+ 49. Nb2 g4 50. Kb3 Ra6 51. b5 Ra5 52. Kb4 Bf8+ 53. Kc4 Ra2 54. Nd3
Rc2+ 55. Kd5 Nc7+ 56. Rxc7 Rxc7 57. Nb4 {White resigns} 0-1

[Event "Team 45 45 League T93"]
[Site "Internet Chess Club"]
[Date "2022.07.30"]
[Round "3"]
[White "Beetlejuice"]
[Black "hipopotamos"]
[Result "0-1"]
[WhiteElo "1678"]
[BlackElo "1729"]
[Opening "English: Sicilian reversed"]
[ECO "A25"]
[Time "15:00:54"]
[PlyCount "56"]
[TimeControl "2700+45"]

1. c4 e5 2. Nc3 Nc6 3. g3 Bc5 4. Bg2 d6 5. e3 Nge7 6. Nge2 h5 7. h3 h4 8. g4 f5
9. d4 Bb6 10. d5 Nb8 11. gxf5 Nxf5 12. Qc2 Qf6 13. Bd2 Bd7 14. Na4 Rf8 15. Nxb6
axb6 16. Rf1 Na6 17. O-O-O Nc5 18. Nc3 Ne7 19. Kb1 e4 20. b3 c6 21. Ne2 cxd5 22.
Bc3 Qf5 23. Nd4 Qg6 24. Rg1 dxc4 25. Bxe4 Qxe4 26. Qxe4 Nxe4 27. Bb4 Nd5 28. Be1
Ndc3+ {White resigns} 0-1

[Event "Team 45 45 League T93"]
[Site "Internet Chess Club"]
[Date "2022.07.30"]
[Round "3"]
[White "Timmah4651"]
[Black "ZenoElea"]
[Result "0-1"]
[WhiteElo "1590"]
[BlackElo "1708"]
[Opening "Sicilian: Alapin's variation (2.c3)"]
[ECO "B22"]
[Time "22:00:32"]
[PlyCount "58"]
[TimeControl "2700+45"]

1. e4 c5 2. c3 d5 3. exd5 Qxd5 4. d4 Nc6 5. Nf3 Nf6 6. Bd3 Bg4 7. O-O Bxf3 8.
gxf3 cxd4 9. cxd4 O-O-O 10. Be3 Nxd4 11. Nd2 e6 12. Rc1+ Kb8 13. Bc4 Qh5 14.
Bf4+ e5 15. Bg3 Bb4 16. Kh1 Bxd2 17. Qxd2 Qxf3+ 18. Kg1 b5 19. Bxe5+ Ka8 20.
Bxd4 Qg4+ 21. Kh1 Rxd4 22. Qe2 bxc4 23. f3 Qf4 24. Rc2 Rhd8 25. Qe7 Rd1 26. Rf2
Ng4 27. Qxd8+ Rxd8 28. fxg4 Qe4+ 29. Rg2 Rd2 {White resigns} 0-1

[Event "Team 45 45 League T93"]
[Site "Internet Chess Club"]
[Date "2022.07.31"]
[Round "3"]
[White "Rookmaster"]
[Black "fireball"]
[Result "0-1"]
[WhiteElo "1477"]
[BlackElo "1559"]
[Opening "French: advance, Paulsen attack"]
[ECO "C02"]
[Time "07:00:59"]
[PlyCount "74"]
[TimeControl "2700+45"]

1. e4 e6 2. d4 d5 3. e5 c5 4. c3 Nc6 5. Nf3 cxd4 6. Bd3 dxc3 7. Nxc3 Bb4 8. Bd2
Nge7 9. h4 h6 10. h5 a6 11. a3 b5 12. axb4 Nxb4 13. Be2 Bb7 14. Nd4 Nec6 15.
Nxc6 Nxc6 16. f4 d4 17. Ne4 Nxe5 18. fxe5 Bxe4 19. Bf3 Qd5 20. Qe2 Bxf3 21. gxf3
O-O 22. Rg1 Kh8 23. Bf4 d3 24. Qd2 Qxf3 25. Bxh6 Qe4+ 26. Be3 Rfc8 27. Qf2 Rc2
28. Qg3 Rg8 29. h6 g6 30. Kd1 Re2 31. Qg5 Qxe3 32. Qf6+ Kh7 33. Qxf7+ Kxh6 34.
Rh1+ Kg5 35. Qf6+ Kg4 36. Qh4+ Kf5 37. Qf6+ Ke4 {White resigns} 0-1

[Event "Team 45 45 League T93"]
[Site "Internet Chess Club"]
[Date "2022.07.29"]
[Round "3"]
[White "fileman"]
[Black "fishhead"]
[Result "1-0"]
[WhiteElo "1854"]
[BlackElo "1714"]
[Opening "King's Indian: fianchetto without c4"]
[ECO "A49"]
[Time "14:07:43"]
[PlyCount "111"]
[TimeControl "2700+45"]

1. d4 Nf6 2. Nf3 g6 3. g3 Bg7 4. Bg2 c5 5. dxc5 Qa5+ 6. Nfd2 Qxc5 7. Nc3 Nc6 8.
Nb3 Qh5 9. h3 d6 10. Bf4 g5 11. g4 Qg6 12. Bg3 h5 13. f3 Be6 14. Qd2 Nb4 15. Nd4
Nfd5 16. Nxd5 Nxd5 17. Nxe6 Qxe6 18. O-O Ne3 19. Rfb1 Rc8 20. c3 Nc4 21. Qxg5
Bf6 22. Qb5+ Kf8 23. e4 Rc7 24. Rc1 a6 25. Qb4 Kg7 26. Bf4 hxg4 27. hxg4 Bh4 28.
b3 Ne5 29. Qd4 b5 30. Rc2 Bf6 31. Qe3 Bh4 32. Rac1 Ng6 33. Bh2 f6 34. c4 Bg5 35.
f4 Rxh2 36. fxg5 Rh4 37. gxf6+ exf6 38. g5 f5 39. Qc3+ Ne5 40. exf5 Qxf5 41. Qd2
bxc4 42. bxc4 Nf7 43. Qc3+ Qe5 44. Qxe5+ dxe5 45. c5 Nxg5 46. c6 Kf6 47. Rb2 Ne6
48. Rb7 Rhh7 49. Rb6 a5 50. Rb5 Nd4 51. Rf1+ Ke6 52. Rxa5 Nxc6 53. Ra6 Kd7 54.
Rf6 Nd4 55. Be4 Re7 56. Rad6+ {Black forfeits on time} 1-0

[Event "Team 45 45 League T93"]
[Site "Internet Chess Club"]
[Date "2022.07.27"]
[Round "3"]
[White "fvafier"]
[Black "Redman1"]
[Result "0-1"]
[WhiteElo "1486"]
[BlackElo "1622"]
[Opening "Caro-Kann: closed (Breyer) variation"]
[ECO "B10"]
[Time "14:00:21"]
[PlyCount "78"]
[TimeControl "2700+45"]

1. e4 c6 2. d3 d5 3. Nd2 g6 4. Ngf3 Bg7 5. g3 e5 6. Bg2 Ne7 7. O-O O-O 8. c3 c5
9. exd5 Nxd5 10. Nc4 Nc6 11. a4 h6 12. Re1 Re8 13. Qc2 Nb6 14. Be3 Nxc4 15. dxc4
Be6 16. Bxc5 Bxc4 17. Rad1 Qc8 18. Nd2 Be6 19. Ne4 Bf5 20. Qe2 Bxe4 21. Bxe4 Ne7
22. Bb4 f5 23. Bc2 a5 24. Bb3+ Kh7 25. Ba3 Nc6 26. Qc4 e4 27. Qf7 Ne5 28. Qd5
Rd8 29. Qb5 Nf3+ 30. Kf1 Nxe1 31. Kxe1 Rxd1+ 32. Bxd1 Qc6 33. Qb3 Rd8 34. Be2
Qd5 35. Qxd5 Rxd5 36. Bc4 Rd8 37. Bc5 Rc8 38. b4 Bxc3+ 39. Ke2 axb4 {White
resigns} 0-1

[Event "Team 45 45 League T93"]
[Site "Internet Chess Club"]
[Date "2022.07.31"]
[Round "3"]
[White "LoseOften"]
[Black "Signofthetimes"]
[Result "1/2-1/2"]
[WhiteElo "1544"]
[BlackElo "1513"]
[Opening "Caro-Kann defense"]
[ECO "B15"]
[Time "09:00:30"]
[PlyCount "87"]
[TimeControl "2700+45"]

1. e4 c6 2. d4 d5 3. Nc3 a6 4. Nf3 Bg4 5. Be2 e6 6. O-O g6 7. h3 Bxf3 8. Bxf3
Bg7 9. Re1 Ne7 10. Bg5 Qb6 11. exd5 Bxd4 12. d6 Nf5 13. Ne4 Nd7 14. c3 Be5 15.
Qd2 O-O 16. c4 f6 17. Be3 Nxe3 18. Rxe3 Bf4 19. b4 Bxe3 20. fxe3 Kg7 21. c5 Qd8
22. a4 Ne5 23. Be2 Qd7 24. a5 Qf7 25. Rf1 Nd7 26. Bc4 Qe8 27. Qa2 e5 28. Qf2 h6
29. g4 f5 30. gxf5 Rxf5 31. Qg2 Rxf1+ 32. Kxf1 Qf8+ 33. Ke2 Qf5 34. Bd3 Qh5+ 35.
Kd2 Rf8 36. Qg3 Rf3 37. Be2 Rxg3 38. Bxh5 Rg2+ 39. Be2 Nf6 40. Kd3 Kf7 41. Nxf6
Kxf6 42. Bg4 h5 43. Bc8 g5 44. Bxb7 {Game drawn by mutual agreement} 1/2-1/2

[Event "Team 45 45 League T93"]
[Site "Internet Chess Club"]
[Date "2022.08.01"]
[Round "3"]
[White "BlueStorm"]
[Black "Egmont"]
[Result "0-1"]
[WhiteElo "1264"]
[BlackElo "1594"]
[Opening "Queen's pawn game"]
[ECO "D04"]
[Time "13:00:30"]
[PlyCount "112"]
[TimeControl "2700+45"]

1. d4 d5 2. Nf3 Nf6 3. e3 c6 4. Bd3 Nbd7 5. O-O Qc7 6. Nbd2 e5 7. dxe5 Nxe5 8.
Nxe5 Qxe5 9. Nf3 Qd6 10. Re1 Be7 11. b3 O-O 12. Bb2 Nd7 13. c4 f5 14. Qc2 Nc5
15. Ba3 Qf6 16. Bb2 Qe6 17. cxd5 cxd5 18. Nd4 Qf7 19. Rac1 Nxd3 20. Qxd3 Bd6 21.
Nb5 Bb8 22. Red1 Rd8 23. Rc2 a6 24. Nd4 f4 25. exf4 Qxf4 26. g3 Qf7 27. Rdc1 Bd6
28. Qf3 Qxf3 29. Nxf3 Bf5 30. Rd2 Bg4 31. Kg2 Rf8 32. Nd4 Rad8 33. f3 Bc8 34.
Kf2 Rde8 35. Re2 Rxe2+ 36. Kxe2 Bd7 37. Kf2 h5 38. h4 Be7 39. Rc7 Rd8 40. Nf5
Bf8 41. Nd4 Bc8 42. Bc3 Bd6 43. Rxg7+ Kxg7 44. Nc6+ Kf8 45. Nxd8 Bc7 46. Bf6 Ke8
47. Nxb7 Bxb7 48. g4 hxg4 49. fxg4 Kf7 50. Bd4 Bc8 51. g5 Kg6 52. Kf3 Kh5 53.
Bf2 Bf5 54. Ke3 Bb6+ 55. Ke2 Bxf2 56. Kxf2 Kxh4 {White resigns} 0-1

[Event "Team 45 45 League T93"]
[Site "Internet Chess Club"]
[Date "2022.08.01"]
[Round "3"]
[White "timcent"]
[Black "ElValero"]
[Result "1-0"]
[WhiteElo "1884"]
[BlackElo "1746"]
[Opening "QGD: exchange, positional line, 5...c6"]
[ECO "D35"]
[Time "11:00:35"]
[PlyCount "87"]
[TimeControl "2700+45"]

1. d4 Nf6 2. c4 e6 3. Nc3 d5 4. cxd5 exd5 5. Bg5 c6 6. e3 Be7 7. Bd3 O-O 8. Qc2
Nbd7 9. Nge2 Re8 10. O-O Nf8 11. Rae1 Ne4 12. Bxe7 Qxe7 13. f3 Nxc3 14. Nxc3 Qf6
15. Qf2 Ne6 16. b4 a6 17. a4 Bd7 18. a5 Rad8 19. Na4 Bc8 20. Nb6 Qe7 21. Rb1 Nc7
22. Rfe1 Nb5 23. Na4 Qf6 24. Nc5 Re7 25. Rbd1 Rde8 26. Bxb5 axb5 27. e4 dxe4 28.
fxe4 Qxf2+ 29. Kxf2 f6 30. h3 f5 31. exf5 Bxf5 32. Nxb7 Be4 33. Nd6 Rf8+ 34. Kg1
Re6 35. Nxe4 Rfe8 36. Rc1 Rxe4 37. Rxe4 Rxe4 38. a6 Rxd4 39. a7 Rd8 40. Rxc6 Ra8
41. Rc7 h5 42. Kf2 Kh7 43. Ke3 Kg6 44. Kd4 {Black resigns} 1-0

[Event "Team 45 45 League T93"]
[Site "Internet Chess Club"]
[Date "2022.07.29"]
[Round "3"]
[White "LookImYourVader"]
[Black "Alec-hine"]
[Result "1/2-1/2"]
[WhiteElo "1804"]
[BlackElo "1698"]
[Opening "French: exchange variation"]
[ECO "C01"]
[Time "16:04:16"]
[PlyCount "90"]
[TimeControl "2700+45"]

1. e4 e6 2. d4 d5 3. exd5 exd5 4. c4 Nf6 5. Nc3 Be7 6. Bd3 dxc4 7. Bxc4 O-O 8.
Nge2 c6 9. O-O Nbd7 10. Bg5 Nb6 11. Bd3 Nfd5 12. Bxe7 Qxe7 13. h3 Qh4 14. Ng3
Nf4 15. Bf5 g6 16. Bxc8 Raxc8 17. Qg4 Qxg4 18. hxg4 Rcd8 19. Rad1 Ne6 20. Nge4
Rxd4 21. Rxd4 Nxd4 22. Nc5 Rb8 23. Rd1 Ne6 24. N3e4 Nxc5 25. Nxc5 Nd5 26. g5 Kg7
27. g3 b6 28. Nd7 Re8 29. f4 f6 30. Nxf6 Nxf6 31. gxf6+ Kxf6 32. Rd7 Re2 33.
Rxh7 Rxb2 34. Rxa7 Kf5 35. Rf7+ Ke6 36. Rg7 Kf6 37. Rc7 c5 38. Rc6+ Kf5 39. a4
Ra2 40. Rxb6 Rxa4 41. Rc6 Rc4 42. Kf2 Rc2+ 43. Kf3 Rc3+ 44. Kf2 g5 45. fxg5 Kxg5
{Game drawn by mutual agreement} 1/2-1/2

[Event "Team 45 45 League T93"]
[Site "Internet Chess Club"]
[Date "2022.08.01"]
[Round "3"]
[White "mnpaulson"]
[Black "burlap"]
[Result "1/2-1/2"]
[WhiteElo "1506"]
[BlackElo "1438"]
[Opening "QGD semi-Slav: Stoltz variation"]
[ECO "D45"]
[Time "09:02:06"]
[PlyCount "73"]
[TimeControl "2700+45"]

1. d4 d5 2. c4 c6 3. Nc3 Nf6 4. e3 e6 5. Nf3 Nbd7 6. Qc2 Bd6 7. Bd3 O-O 8. O-O
dxc4 9. Bxc4 b5 10. Be2 Bb7 11. e4 e5 12. dxe5 Nxe5 13. Bg5 Nxf3+ 14. Bxf3 Qe7
15. Rfe1 Rfe8 16. g3 h6 17. Bd2 Rad8 18. Rad1 a5 19. e5 Bxe5 20. Ne4 Nxe4 21.
Bxe4 Qc7 22. Bg2 a4 23. Bb4 Rxd1 24. Rxd1 Rd8 25. Rxd8+ Qxd8 26. b3 axb3 27.
axb3 Qd4 28. Bc5 Qa1+ 29. Bf1 Bd4 30. b4 Bxc5 31. Qxc5 Qf6 32. Bg2 Qg5 33. Qd6
Qf5 34. Qb8+ Qc8 35. Qxc8+ Bxc8 36. Bxc6 Ba6 37. Kg2 {Game drawn by mutual
agreement} 1/2-1/2

[Event "Team 45 45 League T93"]
[Site "Internet Chess Club"]
[Date "2022.07.30"]
[Round "3"]
[White "AlekMoro"]
[Black "laurenpar"]
[Result "1/2-1/2"]
[WhiteElo "1953"]
[BlackElo "1914"]
[Opening "French: advance, Euwe variation"]
[ECO "C02"]
[Time "20:03:57"]
[PlyCount "84"]
[TimeControl "2700+45"]

1. e4 e6 2. d4 d5 3. e5 c5 4. c3 Nc6 5. Nf3 Bd7 6. Be2 Nge7 7. O-O Nf5 8. Na3
cxd4 9. cxd4 Be7 10. Nc2 O-O 11. Bd3 Rc8 12. Be3 Nxe3 13. fxe3 f6 14. exf6 Bxf6
15. Qe2 Qb6 16. b4 Be8 17. h3 Ne7 18. a3 Bg6 19. Bxg6 Nxg6 20. Nce1 Qc6 21. Nd3
b6 22. Rfc1 Qd7 23. Qd2 Rxc1+ 24. Rxc1 Rc8 25. Rc2 Rc4 26. Nb2 Rc6 27. Qc1 Ne7
28. Nd3 Qc8 29. Rxc6 Qxc6 30. Qb2 Ng6 31. Kf2 Qc7 32. Qb3 Qc4 33. Qb1 Qc3 34. a4
Nh4 35. Nxh4 Bxh4+ 36. Ke2 Bg3 37. b5 Bd6 38. Qa2 Kf7 39. Qb1 Kg8 40. Qd1 Bb8
41. Kf3 Qc4 42. Ke2 Bd6 {Game drawn by mutual agreement} 1/2-1/2

[Event "Team 45 45 League T93"]
[Site "Internet Chess Club"]
[Date "2022.08.01"]
[Round "3"]
[White "fishhead"]
[Black "primerpaso"]
[Result "1-0"]
[WhiteElo "1735"]
[BlackElo "1802"]
[Opening "Sicilian: Najdorf, Lipnitzky attack"]
[ECO "B86"]
[Time "14:01:56"]
[PlyCount "107"]
[TimeControl "2700+45"]

1. e4 c5 2. Nf3 d6 3. d4 cxd4 4. Nxd4 Nf6 5. Nc3 a6 6. Bc4 e6 7. O-O Nc6 8. Bb3
Qc7 9. Be3 Be7 10. f4 O-O 11. f5 Nxd4 12. Bxd4 Rb8 13. Qd3 b5 14. Ne2 Qc6 15.
Ng3 e5 16. Bc3 Bb7 17. Rae1 a5 18. Bxa5 b4 19. Qc4 Qd7 20. c3 Nxe4 21. Nxe4 Bxe4
22. Rxe4 Qa7+ 23. Kh1 Qxa5 24. cxb4 Qb6 25. Qd5 Qa6 26. Rc1 Rbc8 27. Rec4 Rb8
28. a4 Bg5 29. b5 Qb6 30. Rf1 Qe3 31. Re4 Qb6 32. Bc4 Be3 33. b4 Bd4 34. a5 Qd8
35. b6 Qf6 36. Ba6 Rfd8 37. g3 h6 38. Rc1 Qg5 39. Rf1 Qd2 40. Bc4 Rd7 41. f6 g6
42. Qb5 Rdd8 43. Re2 Qc3 44. Bd5 h5 45. Qc4 Qxc4 46. Bxc4 d5 47. Bb5 e4 48. Rc2
Rd6 49. Rc6 Rdd8 50. Rd1 Be3 51. Rc7 Rd6 52. Bc6 d4 53. Bxe4 Rxf6 54. b7 {Black
resigns} 1-0

[Event "Team 45 45 League T93"]
[Site "Internet Chess Club"]
[Date "2022.07.27"]
[Round "3"]
[White "Portola"]
[Black "VictorRed"]
[Result "1/2-1/2"]
[WhiteElo "1715"]
[BlackElo "1690"]
[Opening "Queen's pawn game, Darooha variation "]
[ECO "D02"]
[Time "17:30:06"]
[PlyCount "82"]
[TimeControl "2700+45"]

1. d4 d5 2. Nf3 Nf6 3. c3 g6 4. Bg5 Bg7 5. e3 O-O 6. Nbd2 Bg4 7. Be2 Nc6 8. O-O
Bd7 9. Re1 Re8 10. Qc2 e5 11. dxe5 Nxe5 12. Nxe5 Rxe5 13. Nf3 Re8 14. Rad1 c6
15. c4 Be6 16. b3 Rc8 17. Nd4 Qc7 18. Bf4 Qb6 19. h3 a6 20. a4 c5 21. Nxe6 fxe6
22. Be5 Red8 23. Qb2 Ne8 24. cxd5 exd5 25. Bg4 Rc6 26. Bf3 Bxe5 27. Qxe5 Nf6 28.
Bxd5+ Nxd5 29. Rxd5 Rcd6 30. Red1 Rxd5 31. Rxd5 Rxd5 32. Qxd5+ Kg7 33. e4 Qc7
34. e5 b5 35. e6 Kf8 36. Qa8+ Ke7 37. Qxa6 c4 38. Qxb5 c3 39. Qb4+ Kxe6 40. Qe4+
Qe5 41. Qc6+ Kf7 {Game drawn by mutual agreement} 1/2-1/2

[Event "Team 45 45 League T93"]
[Site "Internet Chess Club"]
[Date "2022.08.01"]
[Round "3"]
[White "ARMAND02019"]
[Black "Chess4Him"]
[Result "1-0"]
[WhiteElo "1620"]
[BlackElo "1455"]
[Opening "English opening"]
[ECO "A21"]
[Time "11:00:49"]
[PlyCount "35"]
[TimeControl "2700+45"]

1. c4 e5 2. Nc3 b6 3. e4 Bb7 4. d3 f6 5. f4 Nc6 6. Nf3 Nge7 7. fxe5 f5 8. Be2
fxe4 9. Nxe4 Ng6 10. O-O Ncxe5 11. Nxe5 Nxe5 12. Ng5 Qe7 13. d4 O-O-O 14. dxe5
Qc5+ 15. Kh1 Re8 16. Bf3 Rxe5 17. Nf7 Bxf3 18. Qxf3 {Black resigns} 1-0

[Event "Team 45 45 League T93"]
[Site "Internet Chess Club"]
[Date "2022.08.01"]
[Round "3"]
[White "BlueStorm"]
[Black "Andressa"]
[Result "1/2-1/2"]
[WhiteElo "1281"]
[BlackElo "1334"]
[Opening "Queen's pawn game"]
[ECO "D05"]
[Time "19:01:21"]
[PlyCount "133"]
[TimeControl "2700+45"]

1. d4 d5 2. Nf3 Nf6 3. e3 e6 4. Bd3 Nc6 5. c3 Be7 6. Nbd2 O-O 7. O-O a6 8. Re1
h6 9. e4 dxe4 10. Nxe4 Rb8 11. Ne5 Nxe4 12. Nxc6 bxc6 13. Bxe4 Bb7 14. Qh5 Bg5
15. f4 Bh4 16. g3 Be7 17. h4 c5 18. Bxb7 Rxb7 19. Qf3 Rb8 20. Rd1 cxd4 21. cxd4
Qd5 22. Qxd5 exd5 23. b3 Bf6 24. Bb2 Rfe8 25. Re1 c5 26. Rxe8+ Rxe8 27. Kf1 cxd4
28. Rd1 Re3 29. Kf2 Re6 30. Bxd4 Rc6 31. Bxf6 gxf6 32. Ke2 Rc2+ 33. Rd2 Rc1 34.
Rxd5 Rg1 35. Rd3 Rg2+ 36. Kf3 Rxa2 37. Ke4 a5 38. Kf5 Kg7 39. g4 Re2 40. Rd5 Re3
41. Rxa5 Rxb3 42. Rd5 Rb4 43. Rd6 Rb5+ 44. Ke4 Rb4+ 45. Rd4 Rb1 46. Kf5 Rb5+ 47.
Ke4 Rb1 48. Rd5 Rb4+ 49. Kf5 Rb1 50. g5 hxg5 51. hxg5 fxg5 52. Kxg5 Rb6 53. Kf5
Rf6+ 54. Ke5 Ra6 55. f5 Rh6 56. Rd4 Ra6 57. Rg4+ Kf8 58. Rd4 Kg7 59. Rg4+ Kf8
60. f6 Ra5+ 61. Kf4 Ra4+ 62. Kg5 Ra5+ 63. Kf4 Ra4+ 64. Kf5 Ra5+ 65. Kf4 Ra4+ 66.
Kf5 Ra5+ 67. Kf4 {Game drawn by repetition} 1/2-1/2

[Event "Team 45 45 League T93"]
[Site "Internet Chess Club"]
[Date "2022.07.30"]
[Round "3"]
[White "xingon"]
[Black "Ostap-Bender"]
[Result "1-0"]
[WhiteElo "1295"]
[BlackElo "1203"]
[Opening "Bogo-Indian defense, Nimzovich variation"]
[ECO "E11"]
[Time "14:01:58"]
[PlyCount "79"]
[TimeControl "2700+45"]

1. d4 Nf6 2. c4 e6 3. Nf3 Bb4+ 4. Bd2 Qe7 5. a3 Bxd2+ 6. Nbxd2 O-O 7. e4 d5 8.
Ne5 Nc6 9. Nxc6 bxc6 10. Qc2 Rb8 11. Bd3 dxe4 12. Nxe4 h6 13. O-O Nxe4 14. Bxe4
c5 15. dxc5 Qxc5 16. b4 Qe7 17. c5 f5 18. Bf3 Bb7 19. Bxb7 Rxb7 20. Rfe1 c6 21.
Qc4 Re8 22. Re5 Qf6 23. Rae1 Rd7 24. h3 Kf7 25. a4 Rd1 26. Rxd1 Qxe5 27. Rd7+
Re7 28. Rxe7+ Kxe7 29. b5 Qe1+ 30. Kh2 Qe5+ 31. g3 Qd5 32. Qb4 Qa2 33. Qd4 Kf7
34. b6 axb6 35. cxb6 e5 36. Qd7+ Kg6 37. Qxc6+ Kh7 38. Kg2 Qg8 39. b7 Qb8 40.
Qc8 {Black resigns} 1-0

[Event "Team 45 45 League T93"]
[Site "Internet Chess Club"]
[Date "2022.07.31"]
[Round "3"]
[White "scostanzo212"]
[Black "evan7284"]
[Result "0-1"]
[WhiteElo "1541"]
[BlackElo "1574"]
[Opening "QGD: exchange, positional line"]
[ECO "D35"]
[Time "14:30:28"]
[PlyCount "44"]
[TimeControl "2700+45"]

1. d4 d5 2. c4 e6 3. Nc3 Nf6 4. cxd5 exd5 5. Bg5 Be7 6. e3 c6 7. Bxf6 Bxf6 8.
Bd3 Be6 9. Nf3 Nd7 10. O-O O-O 11. Rc1 Re8 12. Na4 Bg4 13. Nc5 Nxc5 14. Rxc5 Qd7
15. Be2 Re6 16. a3 Rae8 17. b4 a6 18. Qb3 Be7 19. Rc3 Bd6 20. Qc2 Rh6 21. g3
Bxf3 22. Bxf3 Qh3 {White resigns} 0-1

[Event "Team 45 45 League T93"]
[Site "Internet Chess Club"]
[Date "2022.08.01"]
[Round "3"]
[White "WillC"]
[Black "Signofthetimes"]
[Result "1-0"]
[WhiteElo "1591"]
[BlackElo "1500"]
[Opening "Queen's pawn"]
[ECO "A40"]
[Time "21:01:07"]
[PlyCount "67"]
[TimeControl "2700+45"]

1. d4 c6 2. Nf3 d5 3. b3 Nf6 4. Bb2 Bf5 5. e3 e6 6. Be2 Qa5+ 7. Bc3 Bb4 8. Bxb4
Qxb4+ 9. c3 Qb6 10. O-O O-O 11. Nbd2 Nbd7 12. Nh4 Ne4 13. Nxf5 exf5 14. Qc2 Rac8
15. f3 Nxd2 16. Qxd2 Rfe8 17. Bd3 g6 18. c4 Nf6 19. Rac1 Re6 20. Qf2 Rce8 21.
Rce1 Qb4 22. e4 Qc3 23. cxd5 Nxd5 24. Bc4 b5 25. Bxd5 cxd5 26. Rc1 Qa5 27. e5
Kg7 28. Rc5 f6 29. f4 fxe5 30. fxe5 Rd8 31. Rfc1 Re7 32. Qh4 Rdd7 33. Qf6+ Kh6
34. R5c3 {Black resigns} 1-0

[Event "Team 45 45 League T93"]
[Site "Internet Chess Club"]
[Date "2022.07.27"]
[Round "3"]
[White "Kingofknights"]
[Black "RD1974"]
[Result "0-1"]
[WhiteElo "1470"]
[BlackElo "1583"]
[Opening "Dutch defense"]
[ECO "A40"]
[Time "18:00:08"]
[PlyCount "70"]
[TimeControl "2700+45"]

1. d4 e6 2. c4 f5 3. g3 c6 4. Bg2 d5 5. b3 Bd6 6. Nf3 Nf6 7. c5 Bc7 8. Nc3 Nbd7
9. e3 O-O 10. O-O Ne4 11. Nxe4 fxe4 12. Nd2 Nf6 13. f4 exf3 14. Qxf3 e5 15. dxe5
Bxe5 16. Rb1 Bg4 17. Qf2 Qe7 18. b4 Ne4 19. Qe1 Nc3 20. Rb3 Ne2+ 21. Kh1 Rxf1+
22. Nxf1 Qf6 23. Bd2 Rf8 24. e4 Nd4 25. Rd3 Be2 26. exd5 Bxd3 27. Ne3 Qg6 28.
dxc6 Be4 29. Nc4 Bxg2+ 30. Kxg2 Nxc6 31. Nxe5 Nxe5 32. Qxe5 Qc6+ 33. Kg1 Re8 34.
Qf4 Qe4 35. Kf2 Rf8 {White resigns} 0-1

[Event "Team 45 45 League T93"]
[Site "Internet Chess Club"]
[Date "2022.07.30"]
[Round "3"]
[White "ChessMaine"]
[Black "tightfist"]
[Result "1-0"]
[WhiteElo "1436"]
[BlackElo "1450"]
[Opening "Queen's pawn: stonewall attack"]
[ECO "D00"]
[Time "20:01:03"]
[PlyCount "135"]
[TimeControl "2700+45"]

1. d4 d5 2. e3 Nf6 3. Bd3 Bg4 4. Nf3 Nbd7 5. Nbd2 e6 6. O-O Bd6 7. c3 O-O 8. e4
dxe4 9. Nxe4 Be7 10. h3 Bh5 11. Ng3 Bg6 12. Bxg6 hxg6 13. Qb3 Nb6 14. Re1 Qd5
15. Qc2 Rfe8 16. Ne5 Nc4 17. Nxg6 Nh5 18. Nxe7+ Rxe7 19. b3 Nxg3 20. bxc4 Qf5
21. Qxf5 Nxf5 22. Ba3 Rd7 23. c5 c6 24. Rad1 Rad8 25. f4 Nh4 26. Bc1 Nf5 27. g4
Ne7 28. Re4 Nd5 29. Bb2 f5 30. gxf5 exf5 31. Re5 Nxf4 32. Rxf5 Nd5 33. Re1 Rf8
34. Rxf8+ Kxf8 35. Rf1+ Kg8 36. Rf3 Re7 37. Kf2 Nf6 38. Re3 Rf7 39. Ke2 Nd5 40.
Rf3 Nf4+ 41. Ke3 Nd5+ 42. Kf2 Re7 43. a3 Nf6 44. Re3 Ne4+ 45. Ke2 Ng3+ 46. Kd3
Nf5 47. Rxe7 Nxe7 48. c4 Kf7 49. Ke4 g6 50. d5 cxd5+ 51. cxd5 a6 52. Ke5 g5 53.
Kd6 Ke8 54. Bf6 Nc8+ 55. Kc7 Ne7 56. Bxe7 Kxe7 57. d6+ Ke6 58. d7 Kd5 59. d8=Q+
Kxc5 60. Qxg5+ Kc4 61. Kxb7 Kb3 62. Kxa6 Kxa3 63. Qb5 Ka2 64. Qb4 Ka1 65. Kb5
Ka2 66. Kc4 Ka1 67. Kc3 Ka2 68. Qb2# {Black checkmated} 1-0

[Event "Team 45 45 League T93"]
[Site "Internet Chess Club"]
[Date "2022.08.01"]
[Round "3"]
[White "VictorRed"]
[Black "Portola"]
[Result "1-0"]
[WhiteElo "1707"]
[BlackElo "1688"]
[Opening "QGD: classical variation (5.Bf4)"]
[ECO "D37"]
[Time "17:01:21"]
[PlyCount "131"]
[TimeControl "2700+45"]

1. c4 e6 2. d4 d5 3. Nc3 Nf6 4. Nf3 Be7 5. Bf4 c6 6. cxd5 exd5 7. e3 Bg4 8. Be2
Nbd7 9. Ne5 Be6 10. Nxd7 Qxd7 11. O-O O-O 12. Bd3 Rfe8 13. Bg3 Bf5 14. Be2 Bd6
15. Bxd6 Qxd6 16. Qd2 Re7 17. h3 Rae8 18. Rae1 Bg6 19. Bd1 Qb4 20. Re2 Qc4 21.
Rfe1 Bd3 22. b3 Qa6 23. e4 Bxe2 24. Bxe2 Qa5 25. e5 Nd7 26. f4 c5 27. Rf1 cxd4
28. Qxd4 Qb6 29. Rd1 Qxd4+ 30. Rxd4 Nb6 31. Bf3 g6 32. a4 a5 33. Nxd5 Nxd5 34.
Rxd5 b6 35. Rd6 Rb8 36. Bd5 Kg7 37. Bc4 h5 38. Kf2 Rbb7 39. Kf3 Red7 40. Ke4 Kf8
41. Rf6 Kg7 42. g4 hxg4 43. hxg4 Rb8 44. Bb5 Re7 45. Kd5 Rbb7 46. Rd6 Kf8 47.
Bc6 Rbc7 48. Kc4 Re6 49. Kb5 Ke7 50. Rxe6+ Kxe6 51. Kxb6 Rc8 52. Bb5 Ra8 53. Ba6
Rd8 54. Bc4+ Ke7 55. Kxa5 Rd4 56. f5 gxf5 57. gxf5 Re4 58. e6 fxe6 59. fxe6 Rd4
60. Kb6 Rd6+ 61. Kc7 Rd2 62. a5 Ra2 63. a6 Ra5 64. Kb6 Ra3 65. a7 Kd6 66. Kb7
{Black resigns} 1-0